AoeStats
← Z

Arabia

503258265Analyzed
1v1 RM · 1mo ago on Aug 30, 2026· 31m 15s· 2 players
Game mode
Random Map
Map size
Tiny (2 player)
Population
200
Speed
Normal
Resources
Standard
Victory
Conquest
Starting age
Dark Age
Ending age
Imperial Age
RankedLock teamsTeams togetherTeam positionsShared explorationLock speedFull tech treeHidden civsTurbo modeCheats
Victory
Defeat
🇨🇳 Maya · China
1584
+16
🇨🇴 Teutons · Colombia
1585
-16
Z
0:32 Loom
9:25 Feudal Age
9:28 Man-at-Arms
10:15 Double-Bit Axe
10:34 Horse Collar
14:04 Wheelbarrow
14:09 Scale Mail Armor
21:20 Castle Age
21:27 Forging
21:08 Gold Mining
22:06 Squires
22:19 Bow Saw
22:00 Eagle Warrior
23:43 Chain Mail Armor
26:20 Pikeman
30:08 Sanctity
AoE2 ANGEL
6:31 Loom
8:35 Feudal Age
9:30 Double-Bit Axe
10:16 Horse Collar
16:31 Town Watch
23:44 Castle Age
21:46 Gold Mining
23:07 Forging
23:08 Bloodlines
24:58 Scale Barding Armor
Connection lost

Rejoining the realm…

Still unreachable

The connection could not be restored.

Session expired

The server has moved on; the page needs a fresh start.